 Dungeon Sprint DCSS version 0.31.0-11-ge490571c62 (webtiles) character file.

Game seed: 13234535417030198816

1510 rocky1 the Covert (level 8, -2/73 HPs)
             Began as a Minotaur Brigand on Jan 29, 2024.
             Was an Initiate of Gozag.
             Slain by a centaur warrior (5 damage)
             ... in the Dungeon (Sprint I: "Red Sonja") on Feb 8, 2024.
             The game lasted 00:04:42 (1644 turns).

rocky1 the Covert (Minotaur Brigand)                Turns: 1644, Time: 00:04:43

Health: -2/73      AC:  5    Str: 16    XL:     8   Next: 53%
Magic:  7/7        EV: 13    Int:  8    God:    Gozag
Gold:   174        SH:  0    Dex: 14    Spells: 7/7 levels left

rFire   + . .        j - +0 dagger (drain)
rCold   + . .        (no shield)
rNeg    . . .        b - +0 robe
rPois   .            (helmet restricted)
rElec   .            r - scarf {rC+ rF+}
rCorr   .            (no gloves)
SInv    +            p - +2 pair of boots {rampage}
Will    .....        (no amulet)
Stlth   ++++++       n - ring of see invisible
HPRegen 0.32/turn    (no ring)
MPRegen 0.10/turn

%: no teleportation, rampage
@: no status effects
A: horns 2, retaliatory headbutt
a: Renounce Religion, Potion Petition, Call Merchant, Bribe Branch


You were in the Dungeon.
You worshipped Gozag.
Gozag was aware of your devotion.
You visited 1 branch You collected 904 gold pieces.
You spent 730 gold pieces at shops.

Inventory:

Hand Weapons
 a - a +2 dagger
 j - a +0 dagger of draining (weapon)
 o - a +0 lajatang
Missiles
 d - 9 poisoned darts (quivered)
 e - 6 curare-tipped darts
Armour
 b - a +0 robe (worn)
 p - a +2 pair of boots of rampaging (worn)
 r - a scarf of resistance (worn)
Jewellery
 n - a ring of see invisible (left hand)
Wands
 l - a wand of flame (4)
Scrolls
 k - a scroll of blinking
 m - a scroll of revelation {unknown}
 q - a scroll of identify {unknown}
 s - a scroll of vulnerability {unknown}
Potions
 c - a potion of mutation {unknown}
 f - 3 potions of curing
 g - a potion of heal wounds
 h - a potion of resistance {unknown}
 i - 2 potions of magic
 t - a potion of lignification {unknown}


   Skills:
 + Level 7.1 Fighting
 + Level 7.7 Short Blades
 - Level 5.5 Throwing
 + Level 3.6 Dodging
 + Level 14.8 Stealth


You had 7 spell levels left.
You didn't know any spells.
Your spell library was empty.

Dungeon Overview and Level Annotations

Branches:
Dungeon (1/1)

Altars:
Cheibriados
Dithmenos
Elyvilon
Fedhas
Gozag
Hepliaklqana
Kikubaaqudgha
Nemelex Xobeh
Okawaru
Qazlal
Ru
Sif Muna
Trog
Uskayaw
Vehumet
Wu Jian
Yredelemnul
Zin
The Shining One

Shops:
D =?[


Innate Abilities, Weirdness & Mutations

You have a pair of horns on your head.
You reflexively headbutt those who attack you in melee.


Message History

The centaur warrior kicks you.
* * * LOW HITPOINT WARNING * * *
You hit the centaur warrior but do no damage.
You drain the centaur warrior.
The centaur warrior is moderately wounded.
The centaur warrior barely misses you.
The centaur warrior kicks you but does no damage.
The centaur warrior hits you but does no damage.
The centaur warrior kicks you.
* * * LOW HITPOINT WARNING * * *
You hit the centaur warrior but do no damage.
You drain the centaur warrior.
Your headbutt misses the centaur warrior.
The centaur warrior is heavily wounded.
The centaur warrior hits you but does no damage.
The centaur warrior kicks you but does no damage.
The centaur warrior barely misses you. The centaur warrior closely misses you.
You hit the centaur warrior.
The centaur warrior is heavily wounded.
The centaur warrior hits you but does no damage.
The centaur warrior kicks you but does no damage.
The centaur warrior barely misses you. The centaur warrior kicks you.
* * * LOW HITPOINT WARNING * * *
You hit the centaur warrior.
The centaur warrior is heavily wounded.
The centaur warrior barely misses you. You furiously retaliate!
You headbutt the centaur warrior.
The centaur warrior kicks you but does no damage.
The centaur warrior hits you!
* * * LOW HITPOINT WARNING * * *
The centaur warrior kicks you but does no damage.
You hit the centaur warrior but do no damage.
You drain the centaur warrior.
The centaur warrior is severely wounded.
The centaur warrior closely misses you. You furiously retaliate!
You headbutt the centaur warrior!
The centaur warrior kicks you but does no damage.
The centaur warrior hits you.
You die...
Your body crumbles into a pile of gold.

#############
#.)'..#.)'..#
'..#.)'..#..+
#####'#####'# ####
####..#...#.####$§#
#__####..##.#~§§§c#
#_____##'#_.+~§§@.+
#_.∩...'..._#§§§§c#
#_..__##_.#+##§####
#_____###'# #.§§.###
#########.####'###.##
.......'...'.....'.∩#
++++####...##########
###.### #.#'#.#


You could see 2 centaur warriors.

Vanquished Creatures
  Sonja (D)
  A deep troll (D)
  Sigmund (D)
  A yak (D)
  An ogre (D)
  A jelly (D)
  Ijyb (D)
7 creatures vanquished.

Vanquished Creatures (others)
  2 ballistomycete spores (D)
2 creatures vanquished.

Grand Total: 9 creatures vanquished

Notes
Turn   | Place    | Note
-------+----------+-------------------------------------------
     0 | D        | rocky1 the Minotaur Brigand began the quest for the Orb.
     0 | D        | Reached XP level 1. HP: 18/18 MP: 0/0
     2 | D        | Noticed Ijyb
     9 | D        | Killed Ijyb
    10 | D        | Reached skill level 5 in Stealth
    10 | D        | Reached XP level 2. HP: 21/26 MP: 1/1
    13 | D        | Noticed an ogre
    16 | D        | Killed an ogre
    17 | D        | Reached skill level 7 in Stealth
    17 | D        | Reached XP level 3. HP: 29/33 MP: 2/2
    17 | D        | Reached XP level 4. HP: 36/40 MP: 3/3
    28 | D        | Noticed Sigmund
    31 | D        | Killed Sigmund
    32 | D        | Reached skill level 5 in Short Blades
    32 | D        | Reached skill level 10 in Stealth
    32 | D        | Reached XP level 5. HP: 47/47 MP: 4/4
    32 | D        | Reached XP level 6. HP: 55/55 MP: 5/5
    45 | D        | Found an ornate altar of the Wu Jian Council.
    45 | D        | Found a shimmering blue altar of Sif Muna.
    47 | D        | Found a radiant altar of Vehumet.
    52 | D        | Reached skill level 5 in Fighting
    84 | D        | Found Zuusy's Magic Scroll Emporium.
    84 | D        | Found an ancient bone altar of Kikubaaqudgha.
    84 | D        | Found a hazy altar of Hepliaklqana.
    84 | D        | Found a stormy altar of Qazlal.
    84 | D        | Found a hide-covered altar of Uskayaw.
    84 | D        | Found a blossoming altar of Fedhas.
    84 | D        | Found a bloodstained altar of Trog.
    84 | D        | Found an iron altar of Okawaru.
    84 | D        | Found a basalt altar of Yredelemnul.
    84 | D        | Found a glowing golden altar of the Shining One.
    84 | D        | Found a snail-covered altar of Cheibriados.
    84 | D        | Found a sacrificial altar of Ru.
    84 | D        | Found a glowing silver altar of Zin.
    84 | D        | Found a shadowy altar of Dithmenos.
    84 | D        | Found a white marble altar of Elyvilon.
    84 | D        | Noticed a yak
    96 | D        | Killed a yak
    97 | D        | Reached skill level 11 in Stealth
    97 | D        | Found an opulent altar of Gozag.
    98 | D        | Found a sparkling altar of Nemelex Xobeh.
   746 | D        | Noticed Sonja
   750 | D        | Killed Sonja
   751 | D        | Reached skill level 5 in Throwing
   751 | D        | Reached skill level 13 in Stealth
   751 | D        | Reached XP level 7. HP: 64/64 MP: 6/6
  1031 | D        | Found Ceapn's Jewellery Boutique.
  1056 | D        | Became a worshipper of Gozag Ym Sagoz the Greedy
  1079 | D        | Bought a ring of see invisible for 150 gold pieces
  1092 | D        | Noticed a deep troll
  1111 | D        | Killed a deep troll
  1112 | D        | Reached skill level 14 in Stealth
  1112 | D        | Reached XP level 8. HP: 14/73 MP: 7/7
  1121 | D        | Found Wauluqou's Armour Emporium.
  1129 | D        | Bought a +2 pair of boots of rampaging for 215 gold pieces
  1129 | D        | Bought a +0 cloak for 45 gold pieces
  1129 | D        | Bought a scarf of resistance for 320 gold pieces
  1628 | D        | Noticed a centaur warrior
  1635 | D        | Noticed a centaur warrior
  1643 | D        | HP: 3/73 [centaur warrior (13)]
  1644 | D        | Slain by a centaur warrior

Illustrated notes

Levels and vault maps discovered:
D:        dungeon_sprint_1 [red_sonja_temple_1, red_sonja_temple_small_1]

Skill      XL: |  1  2  3  4  5  6  7 |
---------------+----------------------+-----
Fighting       | 3 4 6 7 |  7.1
Short Blades   | 3 4 5 7 |  7.7
Stealth        | 5 7 10 13 14 | 14.8
Throwing       | 3 4 5 |  5.5
Dodging        | 2 3 |  3.6

Action                     |  1- 3 |  4- 6 |  7- 9 || total
---------------------------+-------+-------+-------++-------
  Melee: Dagger            |     6 |    14 |    26 ||    46
         Headbutt          |     1 |     3 |     6 ||    10
    Use: Potion            |       |     1 |     1 ||     2
   Stab: Sleeping          |     2 |     3 |       ||     5
 Armour: Robe              |     1 |     7 |    38 ||    46
  Dodge: Dodged            |     2 |     1 |    23 ||    26
